 Dungeon Sprint DCSS version 0.27-a0-633-gc6addc0a40 (webtiles) character file.

Game seed: 6218617000767638947

5005 mhtbhm the Bludgeoner (level 10, -5/92 HPs)
             Began as a Human Berserker on Mar 13, 2021.
             Was the Champion of Trog.
             Slain by a blink frog (11 damage)
             ... in the Dungeon (Sprint IX: "|||||||||||||||||||||||||||||").
             The game lasted 00:02:41 (1288 turns).

mhtbhm the Bludgeoner (Human Berserker)             Turns: 1288, Time: 00:02:41

Health: -5/92      AC: 18    Str: 22    XL:     10   Next: 84%
Magic:  10/10      EV:  9    Int: 10    God:    Trog [******]
Gold:   11         SH:  0    Dex: 12    Spells: 9/9 levels left

rFire    . . .     SeeInvis .   a - +2 morningstar (vorpal)
rCold    . . .     Faith    .   (no shield)
rNeg     . . .     Spirit   .   b - +0 plate armour
rPois    .         Reflect  .   (no helmet)
rElec    .         Harm     .   k - +0 cloak
rCorr    .         Rampage  .   (no gloves)
Will     .....     NoTele   +   (no boots)
Stlth    ..........             (no amulet)
HPRegen  0.25/turn              l - +2 ring of protection
MPRegen  0.12/turn              m - +3 ring of intelligence

@: lethally poisoned (-5 -> -6), berserk cooldown, slowed, very slow
A: no striking features
a: Renounce Religion, Berserk, Trog's Hand, Brothers in Arms


You were in the Dungeon.
You worshipped Trog.
Trog was exalted by your worship.
You visited 1 branch You collected 11 gold pieces.

Inventory:

Hand Weapons
 a - a +2 vorpal morningstar (weapon)
Armour
 b - a +0 plate armour (worn)
 k - a +0 cloak (worn)
Jewellery
 l - a +2 ring of protection (right hand)
 m - a +3 ring of intelligence (left hand)
 o - the ring "Fiefysadd" {rN+ Str+4}
   (You found it in the Dungeon)

   [ring of positive energy]

   It affects your strength (+4).
   It protects you from negative energy.
Wands
 j - a wand of iceblast (10)
Scrolls
 h - 3 scrolls of blinking
 p - 5 scrolls of fog
 q - 2 scrolls of enchant weapon
 r - a scroll of fear
Potions
 c - 4 potions of curing
 d - a potion of heal wounds
 e - 3 potions of haste
 f - 4 potions of magic
 g - 2 potions of berserk rage
 i - a potion of invisibility
 n - 2 potions of might


   Skills:
 + Level 13.3 Fighting
 + Level 16.3 Maces & Flails
 + Level 10.3 Armour
 + Level 6.7 Dodging
 + Level 0.1 Stealth


You had 9 spell levels left.
You didn't know any spells.
Your spell library was empty.

Dungeon Overview and Level Annotations

Branches:
Dungeon (1/1)

Altars:
Cheibriados
Dithmenos
Elyvilon
Fedhas
Gozag
Hepliaklqana
Kikubaaqudgha
Makhleb
Nemelex Xobeh
Okawaru
Qazlal
Ru
Sif Muna
Trog
Uskayaw
Vehumet
Wu Jian
Xom
Yredelemnul
Zin
The Shining One
Beogh
Jiyva
Lugonu


Message History

You feel sick. The blink frog closely misses you.
You bludgeon the blink frog!!
The blink frog is severely wounded.
You feel sick. The blink frog hits you!
* * * LOW HITPOINT WARNING * * *
You hit the blink frog.
The blink frog is almost dead.
You feel sick.
The blink frog blinks!
You feel sick.
The blink frog hits you but does no damage.
The blink frog blinks!
Things that are here:
a komodo dragon corpse; a water moccasin corpse; a yak corpse You feel sick.
There is an open door, spattered with blood here.
Items here: ) †††.
You feel sick.
You close the door, pushing everything out of the way.
Things that are here:
a water moccasin corpse; a bullfrog corpse; a water moccasin corpse You feel sick.
You open the door.
You feel sick.
The blink frog blinks!
You feel sick.
There is an open door, spattered with blood here.
The blink frog blinks!
Items here: ) †††.
You feel sick.
The blink frog hits you but does no damage.
The blink frog hits you!
* * * LOW HITPOINT WARNING * * *
The blink frog blinks!
There is an open door, spattered with blood here.
You feel sick.
Things that are here:
a water moccasin corpse; a bullfrog corpse; a water moccasin corpse The blink frog hits you but does no damage.
You barely miss the blink frog.
The blink frog is severely wounded.
The blink frog hits you!
You die...

▓_▓.▓.▓
▓_▓.▓.▓
▓_▓.▓.▓
▓_▓.▓.▓
▓_▓.▓.▓
▓_▓.▓)▓
▓_▓.▓'▓
▓_▓.▓†▓
▓_▓.▓@▓
▓_▓.▓F▓
▓_▓.▓.▓
▓_▓.▓.▓
▓_▓.▓.▓
▓_▓.▓.▓
▓_▓.▓.▓
▓_▓.▓†▓
▓_▓.▓'▓


You could see a blink frog.

Vanquished Creatures
  A boulder beetle (D)
  A centaur warrior (D)
  An unseen horror (D)
  An elephant (D)
  A black mamba (D)
  2 komodo dragons (D)
  2 trolls (D)
  A wyvern (D)
  A yak (D)
  A wraith (D)
  A basilisk (D)
  6 water moccasins (D)
  An ice beast (D)
  4 bullfrogs (D)
  A quasit (D)
  An iguana (D)
  An orc wizard (D)
  A worker ant (D)
  An adder (D)
  A dart slug (D)
  A leopard gecko (D)
  An orc (D)
  A hobgoblin (D)
  A jackal (D)
  2 quokkas (D)
  2 goblins (D)
  A kobold (D)
39 creatures vanquished.

Notes
Turn   | Place    | Note
-------+----------+-------------------------------------------
     0 | D        | mhtbhm the Human Berserker began the quest for the Orb.
     0 | D        | Reached XP level 1. HP: 18/18 MP: 1/1
    13 | D        | Reached ** piety under Trog
    16 | D        | Reached XP level 2. HP: 8/25 MP: 2/2
   251 | D        | Noticed an ice beast
   263 | D        | Killed an ice beast
   263 | D        | Reached *** piety under Trog
   264 | D        | Reached skill level 6 in Maces & Flails
   264 | D        | Reached XP level 3. HP: 25/34 MP: 3/3
   264 | D        | Reached XP level 4. HP: 30/40 MP: 4/4
   267 | D        | Reached XP level 5. HP: 27/47 MP: 5/5
   311 | D        | Found a snail-covered altar of Cheibriados.
   311 | D        | Found a shadowy altar of Dithmenos.
   311 | D        | Found a white marble altar of Elyvilon.
   311 | D        | Found a blossoming altar of Fedhas.
   311 | D        | Found an opulent altar of Gozag.
   312 | D        | Found a hazy altar of Hepliaklqana.
   313 | D        | Found a viscous altar of Jiyva.
   314 | D        | Found an ancient bone altar of Kikubaaqudgha.
   315 | D        | Found a corrupted altar of Lugonu.
   316 | D        | Found a burning altar of Makhleb.
   317 | D        | Found a sparkling altar of Nemelex Xobeh.
   318 | D        | Found an iron altar of Okawaru.
   319 | D        | Found a stormy altar of Qazlal.
   320 | D        | Found a sacrificial altar of Ru.
   321 | D        | Found a shimmering blue altar of Sif Muna.
   322 | D        | Found a bloodstained altar of Trog.
   323 | D        | Found a hide-covered altar of Uskayaw.
   324 | D        | Found a radiant altar of Vehumet.
   325 | D        | Found an ornate altar of the Wu Jian Council.
   326 | D        | Found a shimmering altar of Xom.
   327 | D        | Found a basalt altar of Yredelemnul.
   328 | D        | Found a glowing silver altar of Zin.
   329 | D        | Found a glowing golden altar of the Shining One.
   380 | D        | Noticed a bullfrog
   392 | D        | Reached **** piety under Trog
   393 | D        | Reached skill level 7 in Maces & Flails
   397 | D        | Killed a bullfrog
   398 | D        | Reached skill level 8 in Maces & Flails
   398 | D        | Reached XP level 6. HP: 47/55 MP: 6/6
   414 | D        | Killed an unseen horror
   415 | D        | Reached skill level 10 in Fighting
   415 | D        | Reached skill level 11 in Maces & Flails
   415 | D        | Reached skill level 5 in Dodging
   415 | D        | Reached XP level 7. HP: 33/66 MP: 7/7
   415 | D        | Reached XP level 8. HP: 36/72 MP: 8/8
   420 | D        | Reached ***** piety under Trog
   583 | D        | Noticed a wraith
   583 | D        | Noticed a centaur warrior
   583 | D        | Noticed a troll
   583 | D        | Noticed a troll
   587 | D        | Killed a troll
   594 | D        | Killed a troll
   595 | D        | Reached skill level 12 in Maces & Flails
   599 | D        | Killed a centaur warrior
   599 | D        | Received a gift from Trog
   600 | D        | Reached skill level 13 in Maces & Flails
   600 | D        | Reached XP level 9. HP: 81/81 MP: 9/9
   766 | D        | Got the ring "Fiefysadd" {rN+ Str+4}
   780 | D        | Noticed an elephant
   791 | D        | Reached skill level 14 in Maces & Flails
   799 | D        | Received a gift from Trog
   803 | D        | Killed an elephant
   804 | D        | Reached XP level 10. HP: 70/89 MP: 10/10
   806 | D        | Noticed a komodo dragon
   807 | D        | Noticed a boulder beetle
   816 | D        | Killed a komodo dragon
   820 | D        | HP: 3/90 [boulder beetle (35)]
  1175 | D        | Killed a boulder beetle
  1176 | D        | Reached skill level 15 in Maces & Flails
  1236 | D        | Noticed a black mamba
  1243 | D        | Noticed a komodo dragon
  1250 | D        | Reached skill level 10 in Armour
  1258 | D        | Killed a black mamba
  1258 | D        | Reached ****** piety under Trog
  1259 | D        | Reached skill level 16 in Maces & Flails
  1275 | D        | Killed a komodo dragon
  1275 | D        | Received a gift from Trog
  1288 | D        | Slain by a blink frog

Illustrated notes

Levels and vault maps discovered:
D:        linesprint [early_d, line_temple, items_1, d_10, items_2, lair_1,
          lair_end, items_3, orc_1, orc_end, items_4, d_15, swamp_1, shoals_1,
          snake_1, spider_1, d_20, vaults_1, items_5, swamp_end, shoals_end,
          snake_end, spider_end, vaults_end, d_27, items_6, zot_1, zot_end,
          crypt_end, forest_end, elf_end, slime_end, tomb_end, abyss_end,
          pan_hell_end]

Skill      XL: |  1  2  3  4  5  6  7  8  9 10 |
---------------+-------------------------------+-----
Fighting       | 6 7 10 11 12 13 | 13.3
Maces & Flails | 6 8 11 13 14 16 | 16.3
Armour         | 3 6 8 9 10 | 10.3
Dodging        | 3 4 5 6 |  6.7
Stealth        | |  0.1

Action                   |  1- 3 |  4- 6 |  7- 9 | 10-12 || total
-------------------------+-------+-------+-------+-------++-------
Melee: Mace              |    21 |    10 |       |       ||    31
       Morningstar       |       |    25 |    48 |    56 ||   129
Invok: Berserk           |     2 |     1 |     2 |     2 ||     7
  Use: Potion            |       |     2 |       |     1 ||     3
Armor: Animal skin       |     1 |     1 |       |       ||     2
       Plate armour      |       |    41 |    20 |    16 ||    77
Dodge: Dodged            |     9 |    12 |    22 |    18 ||    61

Table legend: (Time is in decaauts)
 A = Elapsed time spent in this place.
 B = Non-inter-level travel time spent in this place.
 C = Inter-level travel time spent in this place.
 D = Time resting spent in this place.
 E = Time spent auto-exploring this place.
 F = Levels seen in this place.
 G = Mean time per level.
                   A        B        C        D        E       F      G
               +--------+--------+--------+--------+--------+-----+--------+
         Total |   1323 |   1323 |      0 |    828 |    150 |   1 | 1323.0 |
       Dungeon |   1323 |   1323 |      0 |    828 |    150 |   1 | 1323.0 |
               +--------+--------+--------+--------+--------+-----+--------+

Top non-repeatable levels by time:
       D: 1323 daAuts
